3L
PORTLAND EVERGREENS @ BUCKHEAD BOWTIES
07/29/2029
 
TOP OF THE 1ST
Portland Evergreens batting - Pitching for Buckhead Bowties : RHP Ron Manning
Pitching: RHP Ron Manning
Batting: LHB John Ennis 0-0: Ball
1-0: Foul Ball, location: 2F
1-1: Ball
2-1: Foul Ball, location: 2F
2-2: Foul Ball, location: 2F
2-2: Foul Ball, location: 2F
2-2: SINGLE (Line Drive, 8LS)
Batting: LHB Adrián Gómez 0-0: Ball
1-0: Grounds into double play, 4-6-3 (Groundball, 4)
Batting: LHB Chris Payling 0-0: Called Strike
0-1: SINGLE (Flyball, 89M)
Batting: RHB Ty Struck 0-0: Called Strike
0-1: Ball
1-1: Ball
2-1: Called Strike
2-2: Fly out, F3 (Popup, 3S)
Top of the 1st over - 0 runs, 2 hits, 0 errors, 1 left on base; Portland 0 - Buckhead 0
BOTTOM OF THE 1ST
Buckhead Bowties batting - Pitching for Portland Evergreens : RHP Ryan Peterson
Pitching: RHP Ryan Peterson
Batting: LHB José Valéncia 0-0: Foul Ball, location: 2F
0-1: Ball
1-1: Ball
2-1: SINGLE (Groundball, 4M) (infield hit)
Batting: LHB Gregg Young 0-0: Ball
1-0: Fielders Choice at 2nd, 2-4 (Groundball, 2L)
Batting: RHB Richard Jost 0-0: Ball
1-0: Called Strike
1-1: Fly out, F4 (Popup, 34)
Batting: RHB Vojtech Farkas 0-0: Foul Ball, location: 2F
0-1: Called Strike
0-2: Strikes out swinging
Bottom of the 1st over - 0 runs, 1 hit, 0 errors, 1 left on base; Portland 0 - Buckhead 0
TOP OF THE 2ND
Portland Evergreens batting - Pitching for Buckhead Bowties : RHP Ron Manning
Batting: LHB Clay Rush 0-0: Called Strike
0-1: Foul Ball, location: 2F
0-2: Foul Ball, location: 2F
0-2: Foul Ball, location: 2F
0-2: Strikes out swinging
Batting: RHB Micah Coffey 0-0: Ball
1-0: Ball
2-0: Foul Ball, location: 2F
2-1: Ball
3-1: SINGLE (Flyball, 8RS)
Batting: LHB Charles Mathes 0-0: Ball
Micah Coffey steals 2nd base
1-0: Foul Ball, location: 2F
1-1: Ball
2-1: Ball
3-1: Ground out 2-3 (Groundball, 2L)
Micah Coffey to third
Batting: RHB Bubba Blevins 0-0: Ground out 5-3 (Groundball, 56)
Top of the 2nd over - 0 runs, 1 hit, 0 errors, 1 left on base; Portland 0 - Buckhead 0
BOTTOM OF THE 2ND
Buckhead Bowties batting - Pitching for Portland Evergreens : RHP Ryan Peterson
Batting: RHB Todd Sentell 0-0: Ball
1-0: Swinging Strike
1-1: Ground out 6-3 (Groundball, 6M)
Batting: RHB Kyle Vandenbrink 0-0: Called Strike
0-1: DOUBLE (Flyball, 8LD)
Batting: RHB Mike Burns 0-0: Ball
1-0: DOUBLE (Line Drive, 78D)
Kyle Vandenbrink scores
Batting: RHB Ricardo Cardenas 0-0: Foul Ball, location: 2F
0-1: Fly out, F8 (Flyball, 8LS)
Batting: RHB Al Thomas 0-0: Ball
1-0: Ball
2-0: Ball
3-0: Called Strike
3-1: Ground out 4-3 (Groundball, 34)
Bottom of the 2nd over - 1 run, 2 hits, 0 errors, 1 left on base; Portland 0 - Buckhead 1
TOP OF THE 3RD
Portland Evergreens batting - Pitching for Buckhead Bowties : RHP Ron Manning
Batting: RHB Silvio Bonauiti 0-0: Ball
1-0: Foul Ball, location: 2F
1-1: Ball
2-1: Foul Ball, location: 2F
2-2: Foul Ball, location: 2F
2-2: Foul Ball, location: 2F
2-2: SINGLE (Line Drive, 78S)
Batting: LHB John Ennis 0-0: Foul Ball, location: 2F
0-1: Foul Ball, location: 2F
0-2: Fly out, F9 (Flyball, 9D)
Batting: LHB Adrián Gómez 0-0: Swinging Strike
0-1: Swinging Strike
0-2: Hit by Pitch
Silvio Bonauiti to second
Batting: LHB Chris Payling 0-0: Swinging Strike
0-1: Ball
1-1: Swinging Strike
1-2: Fly out, F7 (Flyball, 7LS)
Batting: RHB Ty Struck 0-0: Ball
1-0: Ball
2-0: Called Strike
2-1: Swinging Strike
2-2: Fly out, F9 (Flyball, 9)
Top of the 3rd over - 0 runs, 1 hit, 0 errors, 2 left on base; Portland 0 - Buckhead 1
BOTTOM OF THE 3RD
Buckhead Bowties batting - Pitching for Portland Evergreens : RHP Ryan Peterson
Batting: LHB José Valéncia 0-0: Ball
1-0: Foul Ball, location: 2F
1-1: Ball
2-1: Ball
3-1: Foul Ball, location: 2F
3-2: Base on Balls
Batting: LHB Gregg Young 0-0: Ball
1-0: Grounds into double play, U6-3 (Groundball, 4MD)
Batting: RHB Richard Jost 0-0: Ball
1-0: Foul Ball, location: 2F
1-1: Ball
2-1: Ball
3-1: Fly out, F8 (Flyball, 8RXD)
Bottom of the 3rd over - 0 runs, 0 hits, 0 errors, 0 left on base; Portland 0 - Buckhead 1
TOP OF THE 4TH
Portland Evergreens batting - Pitching for Buckhead Bowties : RHP Ron Manning
Batting: LHB Clay Rush 0-0: Called Strike
0-1: Ball
1-1: Ball
2-1: Ball
3-1: Foul Ball, location: 2F
3-2: Foul Ball, location: 2F
3-2: Strikes out swinging
Batting: RHB Micah Coffey 0-0: Ball
1-0: Ball
2-0: Called Strike
2-1: Foul Ball, location: 2F
2-2: SINGLE (Groundball, 4MD)
Pitching: LHP Ramón Torres
Batting: LHB Charles Mathes 0-0: Foul Ball, location: 2F
0-1: Fly out, F7 (Line Drive, 78M)
Batting: RHB Bubba Blevins 0-0: Called Strike
0-1: Ball
1-1: Ball
2-1: Swinging Strike
2-2: Ball
3-2: Strikes out swinging
Top of the 4th over - 0 runs, 1 hit, 0 errors, 1 left on base; Portland 0 - Buckhead 1
BOTTOM OF THE 4TH
Buckhead Bowties batting - Pitching for Portland Evergreens : RHP Ryan Peterson
Batting: RHB Vojtech Farkas 0-0: Called Strike
0-1: Swinging Strike
0-2: Ball
1-2: Ball
2-2: Ground out 4-3 (Groundball, 4M)
Batting: RHB Todd Sentell 0-0: Ball
1-0: Called Strike
1-1: Ball
2-1: Foul Ball, location: 2F
2-2: Strikes out looking
Batting: RHB Kyle Vandenbrink 0-0: Ball
1-0: Ball
2-0: Ball
3-0: Base on Balls
Batting: RHB Mike Burns 0-0: Ball
1-0: Ball
Throwing error on steal attempt, E2
Kyle Vandenbrink to third
2-0: Reached on error, E6 (Groundball, 6)
Kyle Vandenbrink scores
Batting: RHB Ricardo Cardenas 0-0: Foul Ball, location: 2F
0-1: Ball
1-1: Ball
2-1: Ball
3-1: Base on Balls
Mike Burns to second
Batting: RHB Al Thomas 0-0: Called Strike
0-1: Ball
1-1: Foul Ball, location: 2F
1-2: Strikes out swinging
Bottom of the 4th over - 1 run, 0 hits, 2 errors, 2 left on base; Portland 0 - Buckhead 2
TOP OF THE 5TH
Portland Evergreens batting - Pitching for Buckhead Bowties : LHP Ramón Torres
Batting: RHB Silvio Bonauiti 0-0: Called Strike
0-1: Foul Ball, location: 2F
0-2: Ground out 5-3 (Groundball, 5S)
Batting: LHB John Ennis 0-0: Ball
1-0: Called Strike
1-1: Foul Ball, location: 2F
1-2: Ball
2-2: Fly out, F9 (Line Drive, 9)
Batting: LHB Adrián Gómez 0-0: Ball
1-0: Ball
2-0: Foul Ball, location: 2F
2-1: Ball
3-1: Foul Ball, location: 2F
3-2: Foul Ball, location: 2F
3-2: Fly out, F8 (Flyball, 78M)
Top of the 5th over - 0 runs, 0 hits, 0 errors, 0 left on base; Portland 0 - Buckhead 2
BOTTOM OF THE 5TH
Buckhead Bowties batting - Pitching for Portland Evergreens : RHP Ryan Peterson
Batting: LHB José Valéncia 0-0: Foul Ball, location: 2F
0-1: Ground out U3 (Groundball, 3)
Batting: LHB Gregg Young 0-0: Fly out, F7 (Flyball, 7LMF)
Batting: RHB Richard Jost 0-0: Called Strike
0-1: Ball
1-1: Foul Ball, location: 2F
1-2: Ground out 6-3 (Groundball, 6)
Bottom of the 5th over - 0 runs, 0 hits, 0 errors, 0 left on base; Portland 0 - Buckhead 2
TOP OF THE 6TH
Portland Evergreens batting - Pitching for Buckhead Bowties : LHP Ramón Torres
Batting: LHB Chris Payling 0-0: Called Strike
0-1: Ground out 5-3 (Groundball, 56)
Batting: RHB Ty Struck 0-0: Called Strike
0-1: Foul Ball, location: 2F
0-2: Strikes out looking
Batting: LHB Clay Rush 0-0: Ball
1-0: Called Strike
1-1: Ground out 4-3 (Groundball, 34)
Top of the 6th over - 0 runs, 0 hits, 0 errors, 0 left on base; Portland 0 - Buckhead 2
BOTTOM OF THE 6TH
Buckhead Bowties batting - Pitching for Portland Evergreens : RHP Ryan Peterson
Batting: RHB Vojtech Farkas 0-0: Called Strike
0-1: Foul Ball, location: 2F
0-2: Ball
1-2: Ball
2-2: Ball
3-2: Base on Balls
Batting: RHB Todd Sentell 0-0: Foul Ball, location: 2F
0-1: Called Strike
0-2: Strikes out looking
Batting: RHB Kyle Vandenbrink 0-0: Called Strike
0-1: Swinging Strike
0-2: Fly out, F4 (Popup, 34D)
Batting: RHB Mike Burns 0-0: Ball
Vojtech Farkas is caught stealing 2nd base
Bottom of the 6th over - 0 runs, 0 hits, 0 errors, 0 left on base; Portland 0 - Buckhead 2
TOP OF THE 7TH
Portland Evergreens batting - Pitching for Buckhead Bowties : LHP Ramón Torres
Batting: RHB Micah Coffey 0-0: Ball
1-0: Ball
2-0: Ball
3-0: Called Strike
3-1: Foul Ball, location: 2F
3-2: Strikes out swinging
Batting: LHB Charles Mathes 0-0: Foul Ball, location: 2F
0-1: Ball
1-1: Ball
2-1: Foul Ball, location: 2F
2-2: Foul Ball, location: 2F
2-2: Strikes out swinging
Batting: RHB Bubba Blevins 0-0: Ball
1-0: Called Strike
1-1: Fly out, F7 (Flyball, 7LD)
Top of the 7th over - 0 runs, 0 hits, 0 errors, 0 left on base; Portland 0 - Buckhead 2
BOTTOM OF THE 7TH
Buckhead Bowties batting - Pitching for Portland Evergreens : RHP Ryan Peterson
Batting: RHB Mike Burns 0-0: Ball
1-0: Ball
2-0: Foul Ball, location: 2F
2-1: Ground out 6-3 (Groundball, 6)
Batting: RHB Ricardo Cardenas 0-0: Called Strike
0-1: Ball
1-1: Foul Ball, location: 2F
1-2: Ball
2-2: Foul Ball, location: 2F
2-2: Strikes out swinging
Batting: RHB Al Thomas 0-0: Ball
1-0: Swinging Strike
1-1: Foul Ball, location: 2F
1-2: DOUBLE (Line Drive, 78D)
Pitching: RHP Miguel Cervantes
Batting: LHB José Valéncia 0-0: Called Strike
0-1: Called Strike
0-2: Ground out 3-1 (Groundball, 34)
Bottom of the 7th over - 0 runs, 1 hit, 0 errors, 1 left on base; Portland 0 - Buckhead 2
TOP OF THE 8TH
Portland Evergreens batting - Pitching for Buckhead Bowties : LHP Ramón Torres
Batting: RHB Silvio Bonauiti 0-0: Ball
1-0: Ball
2-0: Called Strike
2-1: Ground out 4-3 (Groundball, 34)
Batting: LHB John Ennis 0-0: Swinging Strike
0-1: Called Strike
0-2: Ball
1-2: Ball
2-2: Strikes out swinging
Batting: LHB Adrián Gómez 0-0: Ball
1-0: Called Strike
1-1: Ball
2-1: Ground out 6-3 (Groundball, 6)
Top of the 8th over - 0 runs, 0 hits, 0 errors, 0 left on base; Portland 0 - Buckhead 2
BOTTOM OF THE 8TH
Buckhead Bowties batting - Pitching for Portland Evergreens : RHP Miguel Cervantes
Batting: LHB Gregg Young 0-0: Foul Ball, location: 2F
0-1: Ground out 4-3 (Groundball, 4)
Batting: RHB Richard Jost 0-0: Foul Ball, location: 2F
0-1: Ground out 5-3 (Groundball, 56S)
Batting: RHB Vojtech Farkas 0-0: Ball
1-0: Fly out, F8 (Flyball, 78XD)
Bottom of the 8th over - 0 runs, 0 hits, 0 errors, 0 left on base; Portland 0 - Buckhead 2
TOP OF THE 9TH
Portland Evergreens batting - Pitching for Buckhead Bowties : LHP Ramón Torres
Batting: LHB Chris Payling 0-0: SINGLE (Groundball, 15S) (infield hit)
Pitching: RHP Kyle Buckman
Batting: RHB Ty Struck 0-0: Fly out, F7 (Flyball, 78S)
Batting: LHB Clay Rush 0-0: Called Strike
0-1: Ball
1-1: Swinging Strike
1-2: Strikes out swinging
Batting: RHB Micah Coffey 0-0: Called Strike
0-1: Ball
1-1: Foul Ball, location: 2F
1-2: Ball
2-2: Ball
3-2: Foul Ball, location: 2F
3-2: SINGLE (Groundball, 4MD)
Chris Payling to second
Chris Payling to third
Batting: LHB Charles Mathes 0-0: Ball
1-0: Fly out, F6 (Popup, 6)
Top of the 9th over - 0 runs, 2 hits, 0 errors, 2 left on base; Portland 0 - Buckhead 2
Tuesday, December 19th, 2017 - OOTP Baseball 18.8 Build 76